 Dungeon Sprint DCSS version 0.18-a0-1164-g7046a04 (webtiles) character file.

142 Kidiri the Magician (level 5, 0/30 HPs)
             Began as a Deep Elf Conjurer on Jan 25, 2016.
             Was an Elder of Vehumet.
             Killed from afar by a mottled dragon (8 damage)
             ... with a sticky flame
             ... in the Dungeon (Sprint VII: "The Pits").
             The game lasted 00:04:27 (1035 turns).

Kidiri the Magician (Deep Elf Conjurer)             Turns: 1035, Time: 00:04:27

Health: 0/30       AC:  2    Str:  5    XL:     5   Next: 4%
Magic:  11/16      EV: 14    Int: 21    God:    Vehumet [****..]
Gold:   0          SH:  0    Dex: 15    Spells: 6 memorised, 1 level left

rFire  . . .     SeeInvis .     p - staff of energy
rCold  . . .     Gourm    .     a - +0 robe
rNeg   . . .     Faith    .     (no shield)
rPois  .         Spirit   .     (no helmet)
rElec  .         Dismiss  .     (no cloak)
rCorr  .         Reflect  .     (no gloves)
SustAt .         Harm     .     (no boots)
MR     .....     NoTele   +     (no amulet)
Stlth  +.........               (no ring)
                                (no ring)

@: liquid flames, glowing, not resistant to hostile enchantments, very
unstealthy
A: no striking features
a: Renounce Religion


You were in the Dungeon.
You worshipped Vehumet.
Vehumet was greatly pleased with you.
You were not hungry.

You visited 1 branch

Inventory:

Armour
 a - a +0 robe (worn)
Magical Staves
 p - an uncursed staff of energy (weapon)
Scrolls
 i - a scroll of blinking
 m - 3 scrolls of remove curse
 n - 5 scrolls of amnesia
 o - a scroll of summoning
Potions
 d - 6 potions of curing
 e - 4 potions of heal wounds
 f - a potion of haste
 g - 4 potions of magic
 h - 3 potions of berserk rage
 l - 2 potions of invisibility
Books
 b - a book of Conjurations

   Spells                             Type                      Level
   a - Magic Dart                     Conjuration                  1
   b - Searing Ray                    Conjuration                  2
   c - Dazzling Spray                 Conjuration/Hexes            3
   d - Fulminant Prism                Conjuration/Hexes            4
   e - Iskenderun's Mystic Blast      Conjuration                  4
   f - Iskenderun's Battlesphere      Conjuration/Charms           5
Comestibles
 c - 8 bread rations
 j - 40 fruits
 k - 7 meat rations
 q - a chunk of flesh


   Skills:
 + Level 2.3 Fighting
 + Level 3.0 Staves
 + Level 4.7 Dodging
 + Level 4.4 Stealth
 * Level 6.6 Spellcasting
 * Level 6.5 Conjurations
 + Level 2.5 Hexes
 + Level 1.5 Fire Magic
 + Level 0.0 Earth Magic
 + Level 3.4 Evocations


You had one spell level left.
You knew the following spells:

 Your Spells              Type           Power        Failure   Level  Hunger
a - Magic Dart            Conj           ####         1%          1    None
b - Searing Ray           Conj           ####..       1%          2    None
c - Dazzling Spray        Conj/Hex       ####....     1%          3    None
d - Conjure Flame         Conj/Fire      ###.....     1%          3    None
e - Iskenderun's Mystic   Conj           ####....     2%          4    None
f - Stone Arrow           Conj/Erth      ###...       2%          3    None


Dungeon Overview and Level Annotations

Branches:
Dungeon (1/1)

Altars:
Ashenzari
Cheibriados
Dithmenos
Elyvilon
Fedhas
Gozag
Kikubaaqudgha
Makhleb
Nemelex Xobeh
Okawaru
Pakellas
Qazlal
Ru
Sif Muna
Trog
Vehumet
Xom
Yredelemnul
Zin
The Shining One
Beogh
Jiyva
Lugonu


Message History

Aim: a mottled dragon (moderately wounded)
The spray of energy hits the mottled dragon.
The mottled dragon is heavily wounded.
The mottled dragon is dazzled.
The mottled dragon breathes sticky fire at you.
The sticky flame hits you!
You are covered in liquid flames!
You hit the mottled dragon.
The mottled dragon is heavily wounded.
You are covered in liquid flames!
The mottled dragon bites you. The mottled dragon claws you.
Unknown command.
You hit the mottled dragon but do no damage.
The mottled dragon is heavily wounded.
You are covered in liquid flames!
* * * LOW HITPOINT WARNING * * *
The mottled dragon breathes sticky fire at you.
The sticky flame hits you!
You are covered in liquid flames!
You die...

#.#........##.......#
#'###########.......#
#.......# #########
#..#.#..# #.##.##.#
#.......#+#
#.##.##.#.+
#..#.#..#D#
#.......'@#
###########


You could see a mottled dragon (blind).

Vanquished Creatures
  A jelly (D)
  Terence (D)
  An iguana (D)
  A worker ant (D)
  A river rat (D)
  A giant eyeball (D)
  An adder skeleton (D)
  A worm (D)
  A giant gecko (D)
  A giant cockroach (D)
  A goblin (D)
  2 hobgoblins (D)
  5 jackals (D)
  A rat (D)
19 creatures vanquished.

Notes
Turn   | Place    | Note
--------------------------------------------------------------
     0 | D        | Kidiri the Deep Elf Conjurer began the quest for the Orb.
     0 | D        | Reached XP level 1. HP: 10/10 MP: 6/6
    43 | D        | Found a sacrificial altar of Ru.
    43 | D        | Found a basalt altar of Yredelemnul.
    43 | D        | Found a shadowy altar of Dithmenos.
    43 | D        | Found a deep blue altar of Sif Muna.
    43 | D        | Found a burning altar of Makhleb.
    43 | D        | Found a shimmering altar of Xom.
    43 | D        | Found an ancient bone altar of Kikubaaqudgha.
    43 | D        | Found a sparkling altar of Nemelex Xobeh.
    44 | D        | Found a glowing golden altar of the Shining One.
    44 | D        | Found a bloodstained altar of Trog.
    44 | D        | Found a shattered altar of Ashenzari.
    44 | D        | Found a white marble altar of Elyvilon.
    44 | D        | Found a snail-covered altar of Cheibriados.
    44 | D        | Found a blossoming altar of Fedhas.
    44 | D        | Found a radiant altar of Vehumet.
    44 | D        | Found a glowing silver altar of Zin.
    44 | D        | Found a corrupted altar of Lugonu.
    44 | D        | Found a viscous altar of Jiyva.
    44 | D        | Found a roughly hewn altar of Beogh.
    44 | D        | Found an iron altar of Okawaru.
    45 | D        | Found an oddly glowing altar of Pakellas.
    50 | D        | Found a stormy altar of Qazlal.
    50 | D        | Found an opulent altar of Gozag.
    52 | D        | Became a worshipper of Vehumet
    75 | D        | Reached skill level 1 in Fighting
    75 | D        | Reached skill level 1 in Staves
    75 | D        | Reached skill level 5 in Conjurations
    75 | D        | Reached XP level 2. HP: 5/16 MP: 1/9
    85 | D        | Learned a level 2 spell: Searing Ray
   299 | D        | Reached * piety under Vehumet
   299 | D        | Offered knowledge of Flame Tongue by Vehumet.
   302 | D        | Reached skill level 1 in Evocations
   306 | D        | Reached ** piety under Vehumet
   390 | D        | Reached *** piety under Vehumet
   396 | D        | Noticed Terence
   470 | D        | Killed Terence
   470 | D        | Offered knowledge of Sandblast by Vehumet.
   470 | D        | Reached skill level 5 in Spellcasting
   470 | D        | Reached XP level 3. HP: 10/20 MP: 2/11
   475 | D        | Learned a level 3 spell: Dazzling Spray
   652 | D        | Offered knowledge of Conjure Flame by Vehumet.
   712 | D        | Reached skill level 6 in Conjurations
   712 | D        | Reached skill level 1 in Hexes
   712 | D        | Reached XP level 4. HP: 24/26 MP: 1/13
   717 | D        | Learned a level 3 spell: Conjure Flame
   722 | D        | Learned a level 4 spell: Iskenderun's Mystic Blast
   829 | D        | Offered knowledge of Stone Arrow by Vehumet.
   829 | D        | Reached **** piety under Vehumet
   834 | D        | Reached skill level 1 in Fire Magic
   897 | D        | Learned a level 3 spell: Stone Arrow
   996 | D        | Offered knowledge of Sticky Flame by Vehumet.
  1010 | D        | Paralysed by a giant eyeball for 2 turns
  1013 | D        | Reached XP level 5. HP: 30/30 MP: 13/16
  1030 | D        | Noticed a mottled dragon
  1035 | D        | Killed from afar by a mottled dragon

Vault maps used:
D:        pitsprint

Action                   |  1- 3 |  4- 6 || total
-------------------------+-------+-------++-------
Melee: Staff             |     1 |     8 ||     9
 Cast: Magic Dart        |    37 |    16 ||    53
       Searing Ray       |     2 |       ||     2
       Dazzling Spray    |     1 |     3 ||     4
       Conjure Flame     |       |     1 ||     1
  Use: Potion            |     2 |       ||     2
 Stab: Sleeping          |       |     1 ||     1
